 Dungeon Crawl Stone Soup version 0.18-a0-731-ga019a5f (webtiles) character file.

37925 Duffy the Arsonist (level 13, -16/91 HPs)
             Began as a Mummy Fire Elementalist on Dec 10, 2015.
             Was the Champion of Sif Muna.
             Shot with a poisoned arrow by Nessos (22 damage)
             ... on level 7 of the Lair of Beasts.
             The game lasted 00:45:43 (24601 turns).

Duffy the Arsonist (Mummy Fire Elementalist)       Turns: 24601, Time: 00:45:44

Health: -16/91     AC: 13    Str: 11    XL:     13   Next: 61%
Magic:  7/23       EV: 14    Int: 19    God:    Sif Muna [******]
Gold:   1201       SH:  0    Dex: 13    Spells: 6 memorised, 2 levels left

rFire  . . .     SeeInvis .     F - +0 flail (protect)
rCold  . . .     Clarity  .     y - +0 troll leather armour
rNeg   + + +     SustAt   .     (no shield)
rPois  ∞         Gourm    .     i - +0 helmet
rElec  .         Spirit   .     q - +0 cloak
rCorr  .         Dismiss  .     f - +0 pair of gloves
rMut   .         Stasis   .     h - +0 pair of boots
MR     +....                    C - amulet of faith
Stlth  ++........               g - ring of fire
                                (no ring)

@: somewhat resistant to hostile enchantments, unstealthy
A: no food or potions, fire vulnerability, cold resistance 1, negative energy
resistance 3, torment resistance, unbreathing, in touch with death 1, restore
body
a: Self-Restoration, Channel Energy, Forget Spell, Renounce Religion


You were on level 7 of the Lair of Beasts.
You worshipped Sif Muna.
Sif Muna was exalted by your worship.
You were not hungry.

You visited 2 branches of the dungeon, and saw 17 of its levels.

You collected 1201 gold pieces.


Innate Abilities, Weirdness & Mutations

You do not eat or drink.
Your flesh is vulnerable to fire.
You are immune to poison.
Your flesh is cold resistant.
You are immune to negative energy.
You are immune to unholy pain and torment.
You can survive without breathing.
You are in touch with the powers of death.
You can restore your body by infusing magical energy.


   Skills:
 - Level 5.0 Fighting
 - Level 6.0 Dodging
 - Level 1.5 Stealth
 - Level 7.0 Spellcasting
 + Level 11.3 Conjurations
 + Level 11.5 Fire Magic
 - Level 5.0 Earth Magic
 - Level 6.0 Invocations


You had 2 spell levels left.
You knew the following spells:

 Your Spells              Type           Power        Failure   Level  Hunger
a - Flame Tongue          Conj/Fire      #####        1%          1    N/A
c - Conjure Flame         Conj/Fire      ######..     1%          3    N/A
h - Fireball              Conj/Fire      ######....   3%          5    N/A
j - Bolt of Fire          Conj/Fire      ######....   21%         6    N/A
l - Bolt of Magma         Conj/Fire/Erth ######....   10%         5    N/A
s - Sticky Flame          Conj/Fire      ######..     1%          4    N/A

Inventory:

Hand Weapons
 a - a +2 demon whip of freezing
 b - a +0 blowgun
 v - a +0 demon trident of electrocution
 A - a +0 demon trident of electrocution
 F - a +0 flail of protection (weapon)
Missiles
 m - 146 poisoned needles
 r - 6 throwing nets (quivered)
Armour
 f - a +0 pair of gloves (worn)
 h - a +0 pair of boots (worn)
 i - a +0 helmet (worn)
 q - a +0 cloak (worn)
 y - a +0 troll leather armour (worn)
 H - a +0 robe of magic resistance
Magical Staves
 B - an uncursed staff of air
Jewellery
 g - a ring of fire (right hand)
 w - an uncursed ring of teleportation
 C - an amulet of faith (around neck)
Wands
 p - a wand of teleportation (6)
 s - a wand of slowing (38)
 u - a wand of frost (31)
 z - a wand of polymorph (12)
 E - a wand of flame (18)
Scrolls
 c - 2 scrolls of fear
 d - 2 scrolls of blinking
 e - 2 scrolls of fog
 j - 2 scrolls of magic mapping
 k - 2 scrolls of enchant armour
 l - 2 scrolls of teleportation
 n - a scroll of summoning
 o - 2 scrolls of enchant weapon
 t - 2 scrolls of recharging
 D - a scroll of amnesia {unknown}
Books
 x - Zalisa's Reference Book on Toxic Battle Magic

   Spells                             Type                      Level
   a - Magic Dart                     Conjuration                  1
   b - Sting                          Conjuration/Poison           1
   c - Searing Ray                    Conjuration                  2
   d - Iskenderun's Battlesphere      Conjuration/Charms           5
   e - Venom Bolt                     Conjuration/Poison           5
   f - Bolt of Fire                   Conjuration/Fire             6
 I - a book of Necromancy

Dungeon Overview and Level Annotations

Branches:
Dungeon (10/15)            Temple (0/1) D:5            Lair (7/8) D:8
  Swamp (0/4) Lair:6        Snake (0/4) Lair:3        Slime (0/6) Lair:6
    Orc: D:9-12

Altars:
Ashenzari
Cheibriados
Dithmenos
Elyvilon
Fedhas
Nemelex Xobeh
Pakellas
Qazlal
Sif Muna
Trog
The Shining One

Shops:
D:6 }%

Annotations:
D:3 Alethiolet's ghost, weakling DrWn
Lair:7 Nessos


Message History

You feel a surge of power!
You miscast Bolt of Fire.
Sif Muna protects you from the effects of your miscast!
Nessos shoots a poisoned arrow.
The poisoned arrow hits you!! The poisoned arrow burns you!
Cast which spell? (? or * to list)
Aiming: Bolt of Fire
Press: ? - help, Shift-Dir - straight line, f/p - Nessos
Aim: Nessos, wielding a longbow of flaming and wearing a centaur barding You feel a surge of power!
The bolt of fire hits the plant.
The plant is severely damaged.
The bolt of fire hits Nessos.
Nessos is heavily wounded.
Nessos stands on his hind legs for a moment.
Nessos shoots a poisoned arrow.
The poisoned arrow hits you! The poisoned arrow burns you.
Cast which spell? (? or * to list)
You don't have enough magic to cast that spell.
The water moccasin bites you. The water moccasin bites you.
You channel some magical energy.
Nessos unwields an uncursed longbow of flaming.
It stops flaming.
Nessos hits something!
The water moccasin barely misses you.
Cast which spell? (? or * to list)
Aiming: Bolt of Fire
Press: ? - help, Shift-Dir - straight line, f/p - Nessos
Aim: Nessos, wearing a centaur barding (heavily wounded)
You feel a surge of power!
You miscast Bolt of Fire.
Sif Muna protects you from the effects of your miscast!
Nessos hits something!
The water moccasin closely misses you.
Nessos blinks!
The water moccasin bites you but does no damage.
You channel some magical energy.
Nessos wields an uncursed longbow of flaming.
It bursts into flame!
Nessos shoots a poisoned arrow.
The poisoned arrow hits you!!
You die...

#..... ###.%.} .
##...... .P #.#.....
...#### ##.......
.......
######....###.
#....#####........##
##
#P...S.##......####
##P.P#@....c#.##
#..###PP#.#.#.# #P#
#.PP......### ##
#P..........#
##.#.......##
##.........#
#.##.....P.#
###......###
###.....#


You could see Nessos and a water moccasin.

Action                   |  1- 3 |  4- 6 |  7- 9 | 10-12 | 13-15 || total
-------------------------+-------+-------+-------+-------+-------++-------
Melee: Dagger            |     4 |   162 |    54 |    14 |       ||   234
       Flail             |       |       |     7 |     2 |       ||     9
       Demon whip        |       |       |       |    10 |       ||    10
       Demon trident     |       |       |       |    13 |       ||    13
 Fire: Blowgun           |       |       |     6 |       |       ||     6
 Cast: Flame Tongue      |    40 |   130 |   335 |   543 |    90 ||  1138
       Conjure Flame     |       |     5 |    13 |    68 |     4 ||    90
       Sticky Flame      |       |     1 |    19 |    94 |    38 ||   152
       Fireball          |       |       |     1 |       |     2 ||     3
       Bolt of Magma     |       |       |       |     5 |    21 ||    26
       Bolt of Fire      |       |       |       |       |    16 ||    16
Invok: Channel Energy    |       |       |    65 |   308 |   167 ||   540
  Use: Scroll            |       |       |     9 |     8 |     7 ||    24
 Stab: Sleeping          |       |     1 |       |       |       ||     1

Notes
Turn   | Place    | Note
--------------------------------------------------------------
     0 | D:1      | Duffy the Mummy Fire Elementalist began the quest for the Orb.
     0 | D:1      | Reached XP level 1. HP: 13/13 MP: 3/3
   176 | D:2      | Found a blossoming altar of Fedhas.
   182 | D:2      | Noticed Jessica
   186 | D:2      | Killed Jessica
   186 | D:2      | Reached skill level 1 in Conjurations
   186 | D:2      | Reached XP level 2. HP: 19/19 MP: 1/5
   255 | D:2      | Reached XP level 3. HP: 24/24 MP: 4/6
   282 | D:2      | Learned a level 3 spell: Conjure Flame
   307 | D:2      | Reached skill level 2 in Conjurations
   820 | D:2      | Noticed Robin
   904 | D:1      | Reached XP level 4. HP: 25/30 MP: 2/8
   960 | D:1      | Learned a level 4 spell: Sticky Flame
  1211 | D:1      | Reached skill level 3 in Spellcasting
  2096 | D:2      | Killed Robin
  2096 | D:2      | Reached skill level 3 in Conjurations
  2269 | D:2      | Reached XP level 5. HP: 21/35 MP: 3/9
  2500 | D:2      | Reached skill level 3 in Fire Magic
  2837 | D:3      | Noticed Alethiolet's ghost (weakling DrWn)
  3352 | D:3      | Found a glowing golden altar of the Shining One.
  3394 | D:3      | Found a faded altar to an unknown god.
  3420 | D:3      | Found a shattered altar of Ashenzari.
  3811 | D:3      | Reached XP level 6. HP: 30/41 MP: 8/10
  4321 | D:4      | Reached skill level 4 in Conjurations
  4321 | D:4      | Reached skill level 4 in Fire Magic
  4523 | D:4      | Found an oddly glowing altar of Pakellas.
  4724 | D:4      | Reached XP level 7. HP: 46/46 MP: 5/11
  5029 | D:5      | Entered Level 5 of the Dungeon
  5796 | D:4      | Noticed Blork the orc
  5810 | D:4      | Killed Blork the orc
  5810 | D:4      | Reached skill level 5 in Fire Magic
  5847 | D:4      | Found a deep blue altar of Sif Muna.
  5855 | D:4      | Became a worshipper of Sif Muna the Loreminder
  6270 | D:5      | Reached skill level 5 in Conjurations
  6763 | D:5      | Reached XP level 8. HP: 52/52 MP: 9/12
  7049 | D:5      | Found a snail-covered altar of Cheibriados.
  7090 | D:5      | Reached * piety under Sif Muna
  7156 | D:5      | Found a deep blue altar of Sif Muna.
  7230 | D:5      | Found a stormy altar of Qazlal.
  7233 | D:5      | Found a white marble altar of Elyvilon.
  7348 | D:5      | Reached skill level 6 in Fire Magic
  7381 | D:5      | Found a staircase to the Ecumenical Temple.
  7921 | D:6      | Found Geabarentu's Food Emporium.
  7922 | D:6      | Found Zuaxiwn's Gadget Shoppe.
  7945 | D:6      | Reached skill level 6 in Conjurations
  7945 | D:6      | Reached skill level 1 in Invocations
  8475 | D:6      | Reached ** piety under Sif Muna
  8734 | D:6      | Learned a level 5 spell: Fireball
  8967 | D:6      | Reached skill level 2 in Invocations
  9276 | D:3      | Reached skill level 7 in Fire Magic
  9449 | D:3      | Reached XP level 9. HP: 57/57 MP: 11/13
 10239 | D:7      | Found a sparkling altar of Nemelex Xobeh.
 10350 | D:7      | Reached skill level 7 in Conjurations
 10631 | D:7      | Found a bloodstained altar of Trog.
 11030 | D:7      | Reached *** piety under Sif Muna
 11268 | D:7      | Reached skill level 3 in Invocations
 11501 | D:8      | Noticed Psyche
 11519 | D:8      | Killed Psyche
 11519 | D:8      | Reached skill level 8 in Fire Magic
 11787 | D:8      | Reached skill level 8 in Conjurations
 11816 | D:8      | Reached skill level 4 in Invocations
 11830 | D:8      | Reached XP level 10. HP: 63/63 MP: 1/14
 12249 | D:8      | Found a staircase to the Lair.
 12450 | D:8      | Reached **** piety under Sif Muna
 12750 | D:9      | Reached skill level 4 in Spellcasting
 12750 | D:9      | Reached skill level 5 in Invocations
 12993 | D:9      | Reached skill level 1 in Fighting
 13065 | D:9      | Reached skill level 2 in Fighting
 13300 | D:9      | Reached skill level 6 in Invocations
 13574 | D:9      | Noticed 4thArraOfDagon's ghost (novice DDBe)
 13624 | D:9      | Reached skill level 3 in Fighting
 13624 | D:9      | Reached skill level 2 in Dodging
 13715 | D:9      | Noticed Pikel
 13724 | D:9      | Killed Pikel
 13745 | D:9      | Killed 4thArraOfDagon's ghost
 13745 | D:9      | Reached skill level 4 in Fighting
 13745 | D:9      | Reached skill level 3 in Dodging
 13844 | D:10     | Entered Level 10 of the Dungeon
 13903 | D:10     | Found a shadowy altar of Dithmenos.
 14045 | D:10     | Reached skill level 5 in Fighting
 14140 | D:10     | Noticed Urug
 14163 | D:10     | Killed Urug
 14163 | D:10     | Reached skill level 4 in Dodging
 14163 | D:10     | Reached XP level 11. HP: 27/79 MP: 11/17
 14991 | D:10     | Reached skill level 5 in Spellcasting
 15246 | D:10     | Found a bloodstained altar of Trog.
 15394 | Lair:1   | Entered Level 1 of the Lair of Beasts
 15403 | Lair:1   | Reached skill level 5 in Dodging
 15936 | Lair:1   | Reached ***** piety under Sif Muna
 15970 | Lair:1   | Reached skill level 6 in Spellcasting
 16407 | Lair:2   | Reached skill level 6 in Dodging
 17010 | Lair:2   | Noticed a seven-headed hydra
 17031 | Lair:2   | Killed a seven-headed hydra
 17662 | Lair:3   | Reached skill level 7 in Spellcasting
 17803 | Lair:3   | Reached ****** piety under Sif Muna
 17803 | Lair:3   | Received a gift from Sif Muna
 17817 | Lair:3   | Identified Sif Muna's Tome of Flamy Conjuration (Sif Muna gifted it to you on level 3 of the Lair of Beasts)
 17855 | Lair:3   | Reached skill level 9 in Conjurations
 17873 | Lair:3   | Reached skill level 9 in Fire Magic
 18212 | Lair:3   | Reached XP level 12. HP: 39/86 MP: 9/22
 18656 | Lair:3   | Found a staircase to the Snake Pit.
 18708 | Lair:3   | Noticed Harold
 18726 | Lair:3   | Killed Harold
 19501 | Lair:1   | Learned a level 5 spell: Bolt of Magma
 19662 | Lair:4   | Reached skill level 1 in Earth Magic
 19679 | Lair:4   | Noticed Josephine
 19680 | Lair:4   | Noticed Maud
 19948 | Lair:5   | Reached skill level 2 in Earth Magic
 20429 | Lair:5   | Noticed a four-headed hydra
 20438 | Lair:5   | Reached skill level 3 in Earth Magic
 20439 | Lair:5   | Killed a four-headed hydra
 20439 | Lair:5   | Received a gift from Sif Muna
 20448 | Lair:5   | Identified Sif Muna's Foundations of Theurgy (Sif Muna gifted it to you on level 5 of the Lair of Beasts)
 20481 | Lair:5   | Reached skill level 4 in Earth Magic
 20493 | Lair:5   | Reached skill level 10 in Fire Magic
 21219 | Lair:5   | Reached skill level 5 in Earth Magic
 21516 | Lair:6   | Noticed a six-headed hydra
 21523 | Lair:6   | Reached skill level 10 in Conjurations
 21526 | Lair:6   | Killed a six-headed hydra
 21789 | Lair:6   | Found a staircase to the Slime Pits.
 21899 | Lair:6   | Gained mutation: You are in touch with the powers of death. [Mummy growth]
 21899 | Lair:6   | Gained mutation: You can restore your body by infusing magical energy. [Mummy growth]
 21899 | Lair:6   | Reached XP level 13. HP: 82/91 MP: 15/23
 21928 | Lair:6   | Found a staircase to the Swamp.
 22103 | Lair:6   | Received a gift from Sif Muna
 22104 | Lair:6   | Identified Zalisa's Reference Book on Toxic Battle Magic (Sif Muna gifted it to you on level 6 of the Lair of Beasts)
 22205 | Lair:6   | Learned a level 6 spell: Bolt of Fire
 22577 | Lair:4   | Killed Maud
 23416 | Lair:4   | Killed Josephine
 23416 | Lair:4   | Reached skill level 11 in Fire Magic
 23859 | Lair:4   | Reached skill level 11 in Conjurations
 23866 | Lair:4   | Received a gift from Sif Muna
 24593 | Lair:7   | Noticed Nessos
 24601 | Lair:7   | Shot with a poisoned arrow by Nessos

Vault maps used:
D:1:      dpeg_arrival_simpleton_c
D:2:      nicolae_overflow_crystal_walls, uniq_jessica, uniq_robin
D:3:      tso_altar, serial_corexii_hall, corexii_hall_statues_i,
          corexii_hall_statues_i, ecumenical_altar_2, ashenzari_altar_1
D:4:      lemuel_doored_altar, first_bread, tgw_sif
D:5:      wad_river_or_something, minmay_overflow_temple_star_quad,
          kennysheep_mini_moat, minmay_temple_entry_mist,
          hangedman_decor_clover_reticule
D:6:      serial_shops, shop, shop
D:7:      lemuel_round_altar, grunt_ogre_cave, nemelex_xobeh_ov_fountains_minmay
D:8:      erik_lair_dragon, uniq_psyche
D:9:      uniq_pikel
D:10:     basic_altar, trog_ov_bears_minmay, uniq_urug
Lair:1:   grunt_forest_small_clearing_treed
Lair:2:   forest_entry_grove
Lair:3:   dummy_snake_entry, infiniplex_staircase_pool_2, grunt_megastairs_4,
          serial_bayou_shore_a, uniq_harold
Lair:4:   uniq_maud, uniq_josephine
Lair:6:   minmay_swamp_entry_swarm, nicolae_slime_entry_slimehenge
Lair:7:   uniq_nessos

Vanquished Creatures
  Maud Josephine Harold
  5 hydras Urug
  The ghost of 4thArraOfDagon the Cleaver, a novice DDBe of Trog Pikel
  2 griffons
  14 elephants
  2 black mambas Psyche
  11 spiny frogs
  6 komodo dragons
  2 trolls
  4 polar bears
  5 blink frogs
  3 wraiths
  28 yaks
  2 wyverns
  3 vampire mosquitoes
  2 deep elf magi
  A spriggan
  A basilisk
  A steam dragon
  A hungry ghost
  8 hippogriffs
  7 porcupines
  7 wolves
  8 water moccasins
  2 slaves
  3 sky beasts
  A swamp drake
  2 ice beasts
  2 orc warriors
  3 phantoms
  An eye of draining
  3 black bears
  2 wasps
  8 ogres
  8 crocodiles
  14 giant frogs
  6 centaurs Blork the orc
  A water moccasin zombie
  8 scorpions
  4 killer bees
  3 crimson imps
  13 orc wizards
  4 hounds
  3 jellies
  A giant frog skeleton
  12 iguanas
  6 orc priests Jessica
  2 centaur skeletons
  7 worker ants
  20 sheep
  A killer bee zombie
  2 hound zombies
  3 worker ant zombies Robin
  15 adders
  58 river rats
  4 shadow imps
  6 oozes
  2 adder skeletons
  6 worms
  10 giant geckos
  41 orcs
  7 ball pythons
  5 giant cockroaches
  9 hobgoblins
  16 jackals
  12 kobolds
  4 quokkas
  10 bats
  2 giant newts
  20 goblins
  8 rats
  11 fungi
  5 plants
529 creatures vanquished.
